 Dungeon Crawl Stone Soup version 0.30.1-11-g7821555f0a (webtiles) character file.

Game seed: 4607247929209406307

524 lonewolfV2 the Trooper (level 7, -13/56 HPs)
             Began as a Formicid Fighter on Nov 1, 2023.
             Was a Believer of Qazlal.
             Mangled by a yak (15 damage)
             ... on level 4 of the Dungeon.
             The game lasted 00:05:26 (3098 turns).

lonewolfV2 the Trooper (Formicid Fighter)           Turns: 3098, Time: 00:05:27

Health: -13/56     AC:  6    Str: 20    XL:     7   Next: 46%
Magic:  9/9        EV: 11    Int:  8    God:    Qazlal [**....]
Gold:   209        SH:  8    Dex: 15    Spells: 6/6 levels left

rFire   . . .        a - +0 war axe
rCold   . . .        c - +0 buckler
rNeg    . . .        b - +0 scale mail
rPois   .            (helmet unavailable)
rElec   .            (no cloak)
rCorr   .            (no gloves)
SInv    +            (no boots)
Will    .....        (no amulet) Stlth
                     (no ring)
HPRegen 0.29/turn    (no ring)
MPRegen 0.11/turn

%: no passive effects
@: no status effects
A: permanent stasis, dig shafts and tunnels, antennae 3, four strong arms
a: Dig, Shaft Self, Renounce Religion, Upheaval


You were on level 4 of the Dungeon.
You worshipped Qazlal.
Qazlal was pleased with you.
You visited 1 branch of the dungeon, and saw 4 of its levels.

You collected 209 gold pieces.

Inventory:

Hand Weapons
 a - a +0 war axe (weapon)
Armour
 b - a +0 scale mail (worn)
 c - a +0 buckler (worn)
Jewellery
 l - an amulet of regeneration
Wands
 k - a wand of paralysis (7)
Scrolls
 e - 5 scrolls of teleportation
 h - a scroll of vulnerability
 i - a scroll of fear
 n - a scroll of poison
Potions
 d - a potion of flight
 g - a potion of attraction
 j - a potion of curing {unknown}
 m - a potion of haste {unknown}


   Skills:
 + Level 5.2 Fighting
 - Level 2.0 Axes
 - Level 3.2 Armour
 * Level 4.7 Dodging
 - Level 4.0 Shields
 + Level 3.7 Invocations


You had 6 spell levels left.
You didn't know any spells.
Your spell library contained the following spells:

 Spells                   Type           Power      Damage    Failure   Level
 Magic Dart               Conj           0%         1d3       83%         1
 Searing Ray              Conj           0%         2d4       93%         2
 Fulminant Prism          Conj/Hex       0%         3d5       100%        4
 Arcjolt                  Conj/Air       0%         1d10      100%        5
 Maxwell's Capacitive Co  Air            0%         ∞         100%        8
 Vhi's Electric Charge    Tloc/Air       Unusable   N/A       N/A         3

Dungeon Overview and Level Annotations

Branches:
Dungeon (4/15)
 Temple: D:4-7

Altars:
Cheibriados
Makhleb
Qazlal


Innate Abilities, Weirdness & Mutations

You cannot be hasted, slowed, berserked, paralysed or teleported.
You can dig through walls and to a lower floor.
You have a pair of large antennae on your head. (SInv)
Your four strong arms can wield two-handed weapons with a shield.


Message History

You closely miss the yak.
The yak is heavily wounded.
You block the yak's attack. x2
You barely miss the yak.
The yak is heavily wounded.
The yak gores you but does no damage.
You hit the yak but do no damage.
The yak is heavily wounded.
The yak closely misses you. The yak barely misses you.
You hit the yak.
The yak is severely wounded.
The yak gores you!
* * * LOW HITPOINT WARNING * * *
You hit the yak.
The yak is severely wounded.
You block the yak's attack.
You hit the yak but do no damage.
The yak is severely wounded.
You block the yak's attack. The yak gores you but does no damage.
You hit the yak.
The yak is almost dead.
The yak gores you!
* * * LOW HITPOINT WARNING * * *
Read: 2 scrolls of fear
Press: ? - help, Q - select action, (/) - cycle Dir - look around, f - activate Look: a yak (almost dead, chance to affect: 97%)
As you read the scroll of fear, it crumbles to dust.
You assume a fearsome visage.
The yak looks frightened! x4
Cornered, the yak turns to fight!
The yak attacks as you move away! The yak gores you.
* * * LOW HITPOINT WARNING * * *
The yak attacks as you move away! The yak gores you.
* * * LOW HITPOINT WARNING * * *
The yak barely misses you.
Things that are here:
a +0 dagger; a goblin corpse The yak attacks as you move away!
You block the yak's attack. The yak gores you!
You die...

#.## #.#
....... #(.#
#:# .......
#..####.#
...###.
##.##...##.#
##
#.##......#
#.##..#####
#.##..#
##..#Y§#
#..>@..#
###.#.##
#...# #####


You could see a yak.

Vanquished Creatures
  A yak (D:4)
  A black bear (D:4)
  A centaur (D:3)
  2 hounds (D:4)
  7 adders
  A white imp (D:4)
  An ufetubus (D:4)
  2 worms
  A dart slug (D:2)
  4 endoplasms
  2 giant cockroaches (D:2)
  9 goblins
  9 hobgoblins
  2 jackals (D:1)
  8 kobolds
  4 quokkas
  7 ball pythons
  5 bats (D:2)
  5 frilled lizards
  9 rats
81 creatures vanquished.

Notes
Turn   | Place    | Note
-------+----------+-------------------------------------------
     0 | D:1      | lonewolfV2 the Formicid Fighter began the quest for the
                  | Orb.
     0 | D:1      | Reached XP level 1. HP: 18/18 MP: 1/1
    91 | D:1      | Reached skill level 1 in Dodging
    91 | D:1      | Reached XP level 2. HP: 23/24 MP: 2/2
   299 | D:1      | Reached XP level 3. HP: 25/30 MP: 3/3
   523 | D:1      | Found a faded altar of an unknown god.
   549 | D:1      | Prayed at the altar of an unknown god.
   549 | D:1      | Became a worshipper of Qazlal Stormbringer
   549 | D:1      | Reached * piety under Qazlal
   793 | D:2      | Found a burning altar of Makhleb.
  1148 | D:2      | Reached XP level 4. HP: 37/37 MP: 4/4
  1182 | D:2      | Reached skill level 4 in Fighting
  1182 | D:2      | Reached skill level 1 in Invocations
  1553 | D:3      | Reached XP level 5. HP: 41/42 MP: 4/6
  1570 | D:3      | Found a snail-covered altar of Cheibriados.
  1665 | D:3      | Reached ** piety under Qazlal
  1808 | D:3      | Noticed a centaur
  1820 | D:3      | Killed a centaur
  2214 | D:3      | Reached XP level 6. HP: 49/49 MP: 7/7
  3044 | D:4      | Noticed a black bear
  3049 | D:4      | Noticed a yak
  3051 | D:4      | Noticed a yak
  3052 | D:4      | Noticed a yak
  3053 | D:4      | Noticed a yak
  3053 | D:4      | Noticed a yak
  3059 | D:4      | Killed a black bear
  3060 | D:4      | Reached skill level 5 in Fighting
  3060 | D:4      | Reached XP level 7. HP: 34/56 MP: 9/9
  3065 | D:4      | Killed a yak
  3087 | D:4      | HP: 2/56 [yak (14)]
  3095 | D:4      | HP: 1/56 [yak (2)]
  3098 | D:4      | Mangled by a yak

Illustrated notes

Levels and vault maps discovered:
D:1:      sevenhm_arrival_forest_fort_small_6, layout_rooms,
          shapermc_ecumenical_altar_mp_vishouse, st_stairs_11
D:2:      layout_loops_ring, serial_aquarium, aquarium_bridge_straight
          [aquarium_subvault_bridge, aquarium_subvault_balcony,
          aquarium_subvault_bridge, aquarium_subvault_wall],
          aquarium_bridge_square [aquarium_subvault_bridge,
          aquarium_subvault_window, aquarium_subvault_wall,
          aquarium_subvault_window], aquarium_window_fake,
          aquarium_window_corridor_3, aquarium_view_2d, aquarium_view_2b,
          basic_altar, grunt_decor_arrowhead, minmay_misc_feat_cross
D:3:      layout_loops_corners, slow_altar_1
D:4:      layout_basic

Skill      XL: |  1  2  3  4  5  6 |
---------------+-------------------+-----
Dodging        | 1 2 3 4 |  4.7
Fighting       | 4 5 |  5.2
Invocations    | 1 2 3 |  3.7
Axes           | |  2.0
Armour         | |  3.2
Shields        | |  4.0

Action                     |  1- 3 |  4- 6 |  7- 9 || total
---------------------------+-------+-------+-------++-------
  Melee: War axe           |   106 |   102 |    25 ||   233
Ability: Dig               |       |     7 |       ||     7
    Use: Scroll            |       |     8 |     1 ||     9
         Potion            |       |     1 |       ||     1
 Armour: Scale mail        |    78 |    63 |     5 ||   146
  Dodge: Dodged            |    70 |    81 |    12 ||   163
  Block: Buckler           |    42 |    57 |    16 ||   115
